 Dungeon Crawl Stone Soup version 0.19.1 (webtiles) character file.

335 lolipop the Slasher (level 6, -2/52 HPs)
             Began as a Hill Orc Gladiator on Dec 2, 2016.
             Was a Believer of the Shining One.
             Slain by a wraith (6 damage)
             ... in an ossuary.
             The game lasted 01:00:54 (5810 turns).

lolipop the Slasher (Hill Orc Gladiator)            Turns: 5810, Time: 01:00:54

Health: -2/52      AC:  9    Str: 17 (19) XL:     6   Next: 53%
Magic:  6/6        EV:  8    Int:  6 (8)  God:    the Shining One [**....]
Gold:   143        SH:  0    Dex: 10 (12) Spells: 0 memorised, 5 levels left

rFire  . . .     SeeInvis .     a - +0 long sword
rCold  . . .     Gourm    .     N - +0 chain mail (curse)
rNeg   + . .     Faith    .     (no shield)
rPois  .         Spirit   .     c - +0 helmet
rElec  .         Reflect  .     (no cloak)
rCorr  .         Harm     .     (no gloves)
MR     .....                    (no boots)
Stlth  ..........               V - amulet of inaccuracy (curse)
                                (no ring)
                                (no ring)

@: about to teleport, slowed, glowing, very slow
A: no striking features
a: Divine Shield, Renounce Religion


You were in an ossuary.
You worshipped the Shining One.
The Shining One was pleased with you.
You were not hungry.

You visited 1 branch of the dungeon, and saw 4 of its levels.
You also visited: Ossuary.

You collected 143 gold pieces.

Inventory:

Hand Weapons
 a - a +0 long sword (weapon)
 l - a +0 dagger
 n - a +0 club
 s - a +0 spear
 t - a +0 dagger
 v - a +0 club
 z - a +0 dagger
 D - a +0 short sword
 G - a +0 dagger
 J - a +0 mace
 K - a +0 hand axe
 O - a +0 hunting sling
 T - a +0 falchion
 U - a +0 flail
Missiles
 i - 38 bolts
 o - 74 stones (quivered)
 p - 18 sling bullets
 A - 6 needles of sleeping
 B - 20 arrows
Armour
 b - a +0 leather armour
 c - a +0 helmet (worn)
 j - a +0 ring mail {LOLIPOP}
 k - a +0 chain mail
 I - a +0 leather armour
 N - a cursed +0 chain mail (worn)
 R - a +0 ring mail
Jewellery
 L - an uncursed amulet of faith
 V - a cursed amulet of inaccuracy (around neck)
Scrolls
 f - 6 scrolls of identify {unknown}
 g - 3 scrolls of fog
 q - a scroll of recharging
 u - 2 scrolls of enchant weapon {unknown}
 x - a scroll of blinking {unknown}
 y - a scroll of immolation {unknown}
 P - a scroll of fear {unknown}
 Q - 2 scrolls of remove curse {unknown}
 W - a scroll of acquirement {unknown}
Potions
 h - a potion of curing
 r - 2 potions of flight {unknown}
 w - a potion of heal wounds {unknown}
 M - 2 potions of degeneration
Comestibles
 C - a meat ration
 H - a bread ration


   Skills:
 + Level 3.7 Fighting
 + Level 6.2 Long Blades
 + Level 2.0 Throwing
 + Level 2.1 Armour
 + Level 3.0 Dodging
 + Level 0.5 Stealth


You had 5 spell levels left.
You didn't know any spells.

Dungeon Overview and Level Annotations

Branches:
Dungeon (4/15)             Temple (0/1) D:4

Altars:
Ashenzari
Nemelex Xobeh
Xom
Yredelemnul
The Shining One


Message History

The wraith hits you. The wraith drains your vigour!
You feel as though you will be slow longer.
The wraith hits you but does no damage. The wraith hits you.
* * * LOW HITPOINT WARNING * * *
The wraith drains your vigour!
You feel as though you will be slow longer.
The wraith hits you but does no damage. The wraith hits you.
* * * LOW HITPOINT WARNING * * *
The wraith drains your vigour!
You feel as though you will be slow longer.
The wraith hits you.
* * * LOW HITPOINT WARNING * * *
The wraith drains your vigour!
You feel as though you will be slow longer.
As you read the scroll of teleportation, it crumbles to dust.
You feel strangely unstable. The wraith completely misses you.
The wraith hits you.
You die...

##########################
.........................#
.∩.....................∩.#
.......#####+#####.......#
......##.......W.##......#
.....##...#####.@.##.....#
....##..(##...##...##....#
....#...##.!!!.##...#....#
....+...+..?!.?.#...+....#
....#...##..!..##...#....#
....##...##...##...##....#
.....##...#####..(##.....#
......##.........##......#
.......#####'#####.......#


You could see a wraith.

Vanquished Creatures
  A crimson imp (D:4)
  An orc priest (D:4)
  An iguana (D:4)
  4 worker ants (D:4)
  A mummy (Ossuary)
  3 adders (D:2)
  An ooze (D:2)
  3 leopard geckos
  3 orcs (D:4)
  8 bats
  5 giant cockroaches
  11 goblins
  8 hobgoblins
  10 jackals
  6 kobolds
  A quokka (D:4)
  4 ball pythons
  7 frilled lizards
  6 gnoll skeletons (Ossuary)
  6 kobold skeletons (Ossuary)
  A leopard gecko skeleton (D:4)
  13 orc skeletons (Ossuary)
  9 rats
113 creatures vanquished.

Notes
Turn   | Place    | Note
-------+----------+-------------------------------------------
     0 | D:1      | lolipop the Hill Orc Gladiator began the quest for the Orb.
     0 | D:1      | Reached XP level 1. HP: 18/18 MP: 1/1
   710 | D:1      | Reached XP level 2. HP: 25/25 MP: 2/2
  1492 | D:1      | Found a glowing golden altar of the Shining One.
  1550 | D:1      | Reached XP level 3. HP: 30/30 MP: 3/3
  1592 | D:1      | Reached skill level 4 in Long Blades
  2024 | D:1      | Became a worshipper of the Shining One
  2113 | D:2      | Reached skill level 1 in Armour
  2204 | D:2      | Found a shattered altar of Ashenzari.
  2601 | D:2      | Found a basalt altar of Yredelemnul.
  2604 | D:2      | Found a glowing golden altar of the Shining One.
  2609 | D:2      | Noticed an angel
  2636 | D:2      | Noticed a profane servitor
  2794 | D:2      | Reached XP level 4. HP: 21/37 MP: 4/4
  3445 | D:2      | Found a sparkling altar of Nemelex Xobeh.
  4922 | D:4      | Reached skill level 5 in Long Blades
  4922 | D:4      | Reached XP level 5. HP: 36/44 MP: 5/5
  4927 | D:4      | Found a staircase to the Ecumenical Temple.
  5151 | D:4      | Found a shimmering altar of Xom.
  5154 | D:4      | Reached * piety under the Shining One
  5284 | D:4      | Reached XP level 6. HP: 51/51 MP: 6/6
  5405 | D:4      | Reached skill level 6 in Long Blades
  5419 | D:4      | Found a sand-covered staircase.
  5456 | Ossuary  | Entered an ossuary
  5456 | Ossuary  | Noticed a wraith
  5456 | Ossuary  | Noticed a wraith
  5456 | Ossuary  | Noticed a wraith
  5482 | Ossuary  | Reached ** piety under the Shining One
  5770 | Ossuary  | Noticed a wraith
  5810 | Ossuary  | Slain by a wraith

Skill      XL: |  1  2  3  4  5  6 |
---------------+-------------------+-----
Long Blades    | 4 5 6 |  6.2
Armour         | 1 2 |  2.1
Fighting       | 3 |  3.7
Throwing       | 2 |  2.0
Dodging        | 3 |  3.0
Stealth        | |  0.5

Action                   |  1- 3 |  4- 6 || total
-------------------------+-------+-------++-------
Melee: Long sword        |   110 |   183 ||   293
Throw: Throwing net      |     4 |     6 ||    10
  Use: Scroll            |     1 |     3 ||     4
       Potion            |       |     6 ||     6
 Stab: Held in net/web   |     1 |       ||     1
  Eat: Bread ration      |     1 |       ||     1
       Meat ration       |     1 |     1 ||     2
       Royal jelly       |       |     1 ||     1
       Pizza             |       |     1 ||     1
Armor: Leather armour    |    32 |       ||    32
       Chain mail        |    17 |   161 ||   178
       Skin              |       |     1 ||     1
Dodge: Dodged            |   108 |   127 ||   235
       Rpst.: Long sword |    31 |    43 ||    74
